 Dungeon Crawl Stone Soup version 0.17.0-27-g4a3f43e (webtiles) character file.

1087 oplop the Changer (level 8, -8/48 HPs)
             Began as an Octopode Transmuter on Nov 22, 2015.
             Mangled by a hill giant
             ... wielding a +0 giant spiked club
              (41 damage)
             ... on level 7 of the Dungeon.
             The game lasted 00:17:09 (7038 turns).

oplop the Changer (Octopode Transmuter)             Turns: 7038, Time: 00:17:09

Health: -8/48      AC:  1    Str: 11    XL:     8   Next: 30%
Magic:  7/14       EV: 13    Int: 16    God:
Gold:   409        SH:  0    Dex: 12    Spells: 4 memorised, 5 levels left

rFire  . . .     SeeInvis .       - Unarmed
rCold  . . .     Clarity  .     (no shield)
rNeg   + . .     SustAt   .     (helmet restricted)
rPois  .         Gourm    .     (no amulet)
rElec  .         Spirit   .     j - ring of positive energy
rCorr  .         Warding  .     x - ring of wizardry
rMut   .         Stasis   .     (no ring)
MR     .....                    (no ring)
Stlth  ++........               (no ring)
                                (no ring)
                                (no ring)
                                (no ring)

@: very slightly contaminated, not resistant to hostile enchantments, unstealthy
A: almost no armour, amphibious, 8 rings, constrict 8, camouflage 1, frail 1,
screaming 1, gelatinous body 1
a: no special abilities


You were on level 7 of the Dungeon.
You were not hungry.

You visited 2 branches of the dungeon, and saw 8 of its levels.

You collected 409 gold pieces.

Inventory:

Missiles
 a - 50 arrows
 k - 5 arrows of frost
Jewellery
 j - a ring of positive energy (left tentacle)
 x - a ring of wizardry (right tentacle)
 y - an uncursed ring of magical power {unknown}
Wands
 i - a wand of disintegration (14)
 p - a wand of draining (11)
 q - a wand of enslavement (24)
 u - a wand of flame (4)
Scrolls
 e - 2 scrolls of teleportation
 h - 2 scrolls of identify
 m - 2 scrolls of remove curse
 o - a scroll of magic mapping
 t - a scroll of enchant weapon
 v - a scroll of noise {unknown}
Potions
 d - 2 potions of ambrosia
 l - 2 potions of invisibility
 n - a potion of flight
 r - 2 potions of beneficial mutation
 s - 3 potions of curing
 w - 2 potions of agility
 z - 2 potions of heal wounds
Books
 b - a book of Changes

   Spells                             Type                      Level
   a - Beastly Appendage              Transmutation                1
   b - Sticks to Snakes               Transmutation                2
   c - Spider Form                    Transmutation/Poison         3
   d - Ice Form                       Ice/Transmutation            4
   e - Blade Hands                    Transmutation                5
Comestibles
 c - 5 bread rations
 f - 4 meat rations


   Skills:
 + Level 3.8 Fighting
 + Level 3.9 Dodging
 + Level 4.4 Unarmed Combat
 + Level 4.4 Spellcasting
 + Level 4.9 Transmutations
 - Level 2.5 Ice Magic
 - Level 1.9 Poison Magic


You had 5 spell levels left.
You knew the following spells:

 Your Spells              Type           Power        Failure   Level  Hunger
a - Beastly Appendage     Trmt           ###...       1%          1    None
b - Sticks to Snakes      Trmt           ###.......   1%          2    ##.....
c - Spider Form           Trmt/Pois      ##........   4%          3    ###....
d - Ice Form              Ice/Trmt       ###.....     16%         4    ####...


Dungeon Overview and Level Annotations

Branches:
Dungeon (7/15)             Temple (1/1) D:6

Altars:
Ashenzari
Cheibriados
Dithmenos
Elyvilon
Fedhas
Gozag
Kikubaaqudgha
Makhleb
Nemelex Xobeh
Qazlal
Ru
Sif Muna
Trog
Vehumet
Xom
Yredelemnul
Zin
The Shining One

Annotations:
D:4 Pikel


Innate Abilities, Weirdness & Mutations

You cannot wear most types of armour.
You are amphibious.
You can wear up to eight rings at the same time.
You can use your tentacles to constrict eight enemies at once.
Your skin changes colour to match your surroundings (Stealth).
Your rubbery body absorbs attacks (AC +1).
You are frail (-10% HP).
You occasionally shout uncontrollably at your foes.


Message History

You miscast Sticks to Snakes.
Strange energies run through your body.
Your transformation has ended.
Your adder barely misses the iguana.
Your adder closely misses the iguana.
The hill giant looks more healthy.
The iguana looks more healthy.
The hill giant closely misses you.
Your adder barely misses the iguana.
Something bites the iguana.
Casting: Sticks to Snakes
Confirm with . or Enter, or press ? or * to list all spells.
You create a snake!
Your adder withers and dies!
You feel a bit more experienced. The hill giant closely misses you.
Your ball python barely misses the hill giant.
All of the chunks of flesh in your inventory have rotted away.
Casting: Sticks to Snakes
Confirm with . or Enter, or press ? or * to list all spells.
You create 2 snakes!
The hill giant hits you with a giant spiked club!!!
Ouch! That really hurt!
You die...

#####.._...#.# #.#
#......#.#####.#
#......#....##.#
#####..####.##.# ######
#.......##.#
##########....#######.#.##..##.#
#.................Sl..#.##...#.#
#.............#########..#####.#
#..............S@CSS....>.)#...#
#.............##########.###.###
#.............# #.###.#
#>............# #.....#
##########....# ####### ######


You could see a hill giant and 3 friendly ball pythons.

Vanquished Creatures
  A hungry ghost (D:6)
  An orc warrior (D:6)
  A slave (D:2)
  3 centaurs
  A giant frog (D:6)
  A scorpion (D:5)
  A giant frog zombie (D:6)
  An orc priest (D:6)
  A worker ant (D:4)
  3 orc wizards
  2 iguanas (D:4)
  A hound skeleton (D:5)
  3 gnolls (D:3)
  11 adders
  7 worms
  11 orcs
  5 giant cockroaches
  10 goblins
  5 hobgoblins
  9 jackals
  6 kobolds
  4 quokkas
  7 bats
  6 giant geckos
  4 giant newts
  A quokka zombie (D:5)
  10 rats
116 creatures vanquished.

Vanquished Creatures (collateral kills)
  An ogre (D:4)
  An iguana (D:7)
2 creatures vanquished.

Grand Total: 118 creatures vanquished

Notes
Turn   | Place    | Note
--------------------------------------------------------------
     0 | D:1      | oplop the Octopode Transmuter began the quest for the Orb.
     0 | D:1      | Reached XP level 1. HP: 13/13 MP: 3/3
   179 | D:1      | Reached XP level 2. HP: 18/18 MP: 3/5
   719 | D:2      | Learned a level 2 spell: Sticks to Snakes
   849 | D:2      | Reached XP level 3. HP: 21/23 MP: 6/6
  1405 | D:2      | Found a bloodstained altar of Trog.
  1477 | D:2      | Reached XP level 4. HP: 19/29 MP: 5/7
  2051 | D:3      | Found a sparkling altar of Nemelex Xobeh.
  2445 | D:3      | Learned a level 3 spell: Spider Form
  2455 | D:3      | Found a snail-covered altar of Cheibriados.
  2553 | D:3      | Reached XP level 5. HP: 19/35 MP: 4/9
  2748 | D:3      | Found a stormy altar of Qazlal.
  2749 | D:3      | Found a burning altar of Makhleb.
  2854 | D:4      | Reached skill level 1 in Poison Magic
  3634 | D:4      | Found a shadowy altar of Dithmenos.
  3637 | D:4      | Noticed an ogre
  3639 | D:4      | HP: 1/35 [ogre/giant club (19)]
  3662 | D:4      | HP: 1/35 [ogre/giant club (3)]
  3691 | D:4      | Killed an ogre
  3691 | D:4      | Reached XP level 6. HP: 4/41 MP: 7/10
  4040 | D:4      | Noticed Pikel
  4040 | D:4      | Noticed a slave
  4040 | D:4      | Noticed a slave
  4043 | D:4      | Noticed a slave
  4043 | D:4      | Noticed a slave
  4114 | D:2      | Killed a slave
  4298 | D:3      | Found a radiant altar of Vehumet.
  4610 | D:3      | Learned a level 4 spell: Ice Form
  4906 | D:5      | Entered Level 5 of the Dungeon
  5067 | D:5      | Reached skill level 4 in Transmutations
  5119 | D:5      | Reached skill level 1 in Ice Magic
  5119 | D:5      | Reached XP level 7. HP: 37/45 MP: 5/12
  6383 | D:6      | Reached XP level 8. HP: 21/52 MP: 10/14
  6433 | D:6      | Found a staircase to the Ecumenical Temple.
  6440 | Temple   | Entered the Ecumenical Temple
  6780 | D:6      | Gained mutation: You are frail (-10% HP). [mutagenic glow]
  6796 | D:7      | Found an opulent altar of Gozag.
  6896 | D:7      | Gained mutation: You occasionally shout uncontrollably at your foes. [mutagenic glow]
  7005 | D:7      | Noticed a hill giant
  7038 | D:7      | Mangled by a hill giant

Action                   |  1- 3 |  4- 6 |  7- 9 || total
-------------------------+-------+-------+-------++-------
Melee: Unarmed           |    88 |   170 |    87 ||   345
 Cast: Beastly Appendage |    23 |    21 |       ||    44
       Sticks to Snakes  |     1 |     6 |     4 ||    11
       Spider Form       |       |     8 |    12 ||    20
       Ice Form          |       |       |     1 ||     1
  Use: Scroll            |       |     8 |    12 ||    20
       Potion            |       |       |     1 ||     1
 Stab: Sleeping          |     3 |     4 |     1 ||     8
  Eat: Chunk             |     2 |     9 |     1 ||    12
       Royal jelly       |       |     1 |       ||     1
       Pizza             |       |     2 |       ||     2
       Meat ration       |       |       |     2 ||     2
